 Dungeon Crawl Stone Soup version 0.26-a0-830-g2a559e7be2 (webtiles) character file.

Game seed: 17116647039390585470

2413 Riddle the Covert (level 9, -1/78 HPs)
             Began as a Naga Enchanter on Nov 15, 2020.
             Was a Follower of Uskayaw.
             Killed from afar by an orc wizard (8 damage)
             ... with a puff of flame
             ... on level 7 of the Dungeon.
             The game lasted 00:18:10 (8974 turns).

Riddle the Covert (Naga Enchanter)                  Turns: 8974, Time: 00:18:10

Health: -1/78      AC:  7    Str: 10    XL:     9   Next: 47%
Magic:  1/12       EV: 13    Int: 16    God:    Uskayaw [*.....]
Gold:   375        SH:  5    Dex: 15    Spells: 10/13 levels left

rFire    . . .     SeeInvis +   b - +0 rapier
rCold    + + .     Faith    .   (no shield)
rNeg     . . .     Spirit   .   D - +2 leather armour {rC+}
rPois    +         Reflect  +   (no helmet)
rElec    .         Harm     .   q - +0 cloak
rCorr    .         Rampage  .   (no gloves)
MR       +....                  (no barding)
Stlth    +++++.....             z - amulet of reflection
HPRegen  0.23/turn              c - +4 ring of evasion
MPRegen  0.13/turn              d - ring of protection from cold

@: very slow
A: large, see invisible, deformed body, poison resistance, slowness 2, spit
poison 1, AC +3
a: Spit Poison, Stomp, Renounce Religion


You were on level 7 of the Dungeon.
You worshipped Uskayaw.
Uskayaw was noncommittal.
You visited 2 branches of the dungeon, and saw 8 of its levels.

You collected 375 gold pieces.

Inventory:

Hand Weapons
 a - a +0 dagger of venom
 b - a +0 rapier (weapon)
 B - a +1 dagger
Missiles
 t - 7 poisoned darts (quivered)
Armour
 q - a +0 cloak (worn)
 D - a +2 leather armour of cold resistance (worn)
Jewellery
 c - a +4 ring of evasion (left hand)
 d - a ring of protection from cold (right hand)
 z - an amulet of reflection (around neck)
Wands
 x - a wand of enslavement (16)
 A - a wand of iceblast (10)
Scrolls
 e - 3 scrolls of identify
 g - a scroll of fear {unknown}
 h - a scroll of enchant weapon {unknown}
 i - 2 scrolls of remove curse
 j - 5 scrolls of teleportation
 n - a scroll of enchant armour {unknown}
 s - 2 scrolls of blinking {unknown}
 w - 2 scrolls of immolation {unknown}
 y - a scroll of random uselessness {unknown}
 C - a scroll of magic mapping {unknown}
Potions
 f - a potion of lignification {unknown}
 k - a potion of might {unknown}
 l - 2 potions of flight {unknown}
 m - 2 potions of brilliance {unknown}
 o - a potion of ambrosia {unknown}
 p - a potion of haste {unknown}
 r - a potion of cancellation {unknown}
 u - a potion of attraction {unknown}
 v - 2 potions of magic {unknown}


   Skills:
 + Level 3.8 Fighting
 + Level 4.1 Short Blades
 - Level 1.5 Dodging
 * Level 13.1 Stealth
 + Level 2.6 Spellcasting
 - Level 7.2 Hexes
 + Level 1.5 Ice Magic


You had 10 spell levels left.
You knew the following spells:

 Your Spells              Type           Power        Failure   Level
a - Corona                Hex            ####...      1%          1
b - Ensorcelled Hibernat  Hex/Ice        ###...       7%          2

Your spell library contained the following spells:

 Spells                   Type           Power        Failure   Level
 Confusing Touch          Hex            ####....     4%          3
 Tukima's Dance           Hex            ####....     4%          3
 Dazzling Flash           Conj/Hex       ##....       19%         3


Dungeon Overview and Level Annotations

Branches:
Dungeon (7/15)             Temple (1/1) D:7

Altars:
Ashenzari
Cheibriados
Dithmenos
Elyvilon
Fedhas
Gozag
Hepliaklqana
Kikubaaqudgha
Makhleb
Nemelex Xobeh
Okawaru
Qazlal
Ru
Sif Muna
Uskayaw
Vehumet
Wu Jian
Xom
Yredelemnul
Zin
The Shining One

Shops:
D:5 =   D:7 }?}

Annotations:
D:3 1 runed translucent door, happy's ghost, weakling SpEn
D:7 exclusion: 3 doors


Innate Abilities, Weirdness & Mutations

You cannot wear boots.
Your serpentine skin is tough. (AC +3)
You have supernaturally acute eyesight. (SInv)
Armour fits poorly on your strangely shaped body.
Your system is resistant to poisons. (rPois)
You cover ground very slowly.
You can spit poison.


Message History

You hit the kobold.
The kobold is moderately wounded.
The kobold hits you with a +2 whip of electrocution.
* * * LOW HITPOINT WARNING * * *
You are electrocuted!
* * * LOW HITPOINT WARNING * * *
You hit the kobold but do no damage.
The kobold is moderately wounded.
You block the kobold's attack.
Okay, then.
You puncture the kobold!
You kill the kobold!
You hit the orc wizard but do no damage.
The orc wizard is moderately wounded.
You block the orc wizard's attack.
You barely miss the orc wizard.
The orc wizard is moderately wounded.
The orc wizard gestures at you while chanting.
The puff of flame hits you!
You die...

.#...###.....### ##...##..###...
#.### ##....# ##...>.#.# #.##
##.# #...)#####........# #..#
.#.######....)............####...
....(........(............'......
...######....###..........####...
†..# #.#..# #.#.......## ##.#
...# #....# #o##.....## ### (###
#..### #@###...## .#
#..#####.####'#### ##
#........##......# #
##.########.#.##.######## # #.#
######.#...[......[. #
#.###.........#.######## #
#.##...###......# # #....#.#
#......# # ####...# ###.####


You could see an orc wizard (invisible).

Vanquished Creatures
  A hornet (D:6)
  Sigmund (D:5)
  Edmund (D:5)
  A water moccasin (D:6)
  Duvessa (D:7)
  2 ice beasts (D:7)
  An ogre (D:5)
  3 centaurs
  3 bullfrogs (D:6)
  3 scorpions
  A wyvern skeleton (D:6)
  Dowan (D:7)
  3 wights
  3 hounds
  A bullfrog skeleton (D:6)
  2 orc priests
  Natasha (twice) (D:4)
  An orc wizard (D:5)
  An iguana (D:4)
  4 worker ants
  A hound zombie (D:7)
  A worker ant zombie (D:6)
  6 gnolls
  6 adders
  A shadow imp (D:6)
  An ufetubus (D:5)
  2 oozes
  A worm (D:4)
  A dart slug (D:2)
  A leopard gecko (D:4)
  18 orcs
  6 giant cockroaches
  4 goblins
  11 hobgoblins
  12 jackals
  2 quokkas
  2 ball pythons
  7 bats
  7 frilled lizards
  15 kobolds
  A quokka skeleton (D:4)
  23 rats
165 creatures vanquished.

Vanquished Creatures (others)
  23 plants (D:7)
23 creatures vanquished.

Grand Total: 188 creatures vanquished

Notes
Turn   | Place    | Note
-------+----------+-------------------------------------------
     0 | D:1      | Riddle the Naga Enchanter began the quest for the Orb.
     0 | D:1      | Reached XP level 1. HP: 15/15 MP: 3/3
   131 | D:1      | Reached XP level 2. HP: 22/22 MP: 5/5
   134 | D:1      | Learned a level 2 spell: Ensorcelled Hibernation
   382 | D:1      | Reached skill level 5 in Stealth
   403 | D:1      | Reached XP level 3. HP: 23/30 MP: 0/6
  1335 | D:2      | Reached skill level 1 in Fighting
  1709 | D:2      | Reached XP level 4. HP: 38/38 MP: 4/7
  2050 | D:2      | Found a sacrificial altar of Ru.
  2183 | D:3      | Reached skill level 6 in Stealth
  2744 | D:3      | Found a runed translucent door.
  2799 | D:3      | Noticed happy's ghost (weakling SpEn)
  3161 | D:3      | Reached XP level 5. HP: 44/44 MP: 8/8
  3199 | D:3      | Reached skill level 7 in Stealth
  4029 | D:4      | Noticed Natasha
  4034 | D:4      | Killed Natasha
  4035 | D:4      | Reached skill level 8 in Stealth
  4035 | D:4      | Reached XP level 6. HP: 51/51 MP: 9/9
  4353 | D:4      | Reached skill level 9 in Stealth
  4468 | D:4      | Noticed Natasha
  4515 | D:4      | Killed Natasha
  4767 | D:5      | Entered Level 5 of the Dungeon
  4774 | D:4      | Reached skill level 5 in Hexes
  4774 | D:4      | Reached XP level 7. HP: 56/57 MP: 7/10
  5093 | D:5      | Reached skill level 10 in Stealth
  5118 | D:5      | Found Cais's Jewellery Emporium.
  5678 | D:5      | Noticed Edmund
  5688 | D:5      | Noticed Sigmund
  5696 | D:5      | Killed Edmund
  5701 | D:5      | HP: 1/57 [Sigmund/+0 scythe (14)]
  5703 | D:5      | Killed Sigmund
  5704 | D:5      | Reached skill level 11 in Stealth
  5704 | D:5      | Reached XP level 8. HP: 2/67 MP: 0/11
  7204 | D:6      | Reached skill level 12 in Stealth
  7620 | D:6      | Noticed a hornet
  7628 | D:6      | Killed a hornet
  7629 | D:6      | Reached XP level 9. HP: 63/76 MP: 1/12
  8006 | D:7      | Noticed Dowan
  8070 | D:7      | Noticed Duvessa
  8073 | D:7      | Killed Dowan
  8089 | D:7      | Found a staircase to the Ecumenical Temple.
  8106 | D:7      | Killed Duvessa
  8107 | D:7      | Reached skill level 1 in Ice Magic
  8286 | Temple   | Entered the Ecumenical Temple
  8304 | Temple   | Became a worshipper of Uskayaw the Reveller
  8574 | D:7      | Found Ympimec's Gadget Emporium.
  8610 | D:7      | Reached * piety under Uskayaw
  8611 | D:7      | Reached skill level 13 in Stealth
  8613 | D:7      | Found Ceokong's Magic Scroll Emporium.
  8725 | D:7      | Reached ** piety under Uskayaw
  8846 | D:7      | Found Vooqan's Gadget Emporium.
  8974 | D:7      | Killed from afar by an orc wizard

Illustrated notes

Levels and vault maps discovered:
D:1:      dpeg_arrival_simpleton_a, layout_basic, serial_glass, glass_columns_b,
          glass_columns_c, glass_columns_a, glass_columns_a, glass_columns_c,
          minmay_quantized
D:2:      layout_loops_cross, nicolae_ru_the_path_less_chosen
D:3:      layout_basic, ebering_ghost_sewer_d, st_stairs_2, minmay_rat_hole
D:4:      layout_loops_corners, st_stairs_9, uniq_natasha
D:5:      layout_cave_pools, kennysheep_little_box, gammafunk_ghost_arena,
          serial_shops, shop, uniq_sigmund, uniq_edmund
D:6:      layout_basic
D:7:      kennysheep_housing_project, layout_loops_corners,
          minmay_temple_entry_glassed_door, serial_shops,
          nicolae_shop_statue_plus, shop, kennysheep_mini_moat, shop_statue,
          uniq_duvessa
Temple:   regret_index_temple_sigil_plot

Skill      XL: |  1  2  3  4  5  6  7  8  9 |
---------------+----------------------------+-----
Stealth        | 5 6 8 9 11 12 13 | 13.1
Fighting       | 1 3 |  3.8
Hexes          | 4 5 6 7 |  7.2
Short Blades   | 2 3 4 |  4.1
Ice Magic      | 1 |  1.5
Dodging        | |  1.5
Spellcasting   | |  2.6

Action                   |  1- 3 |  4- 6 |  7- 9 || total
-------------------------+-------+-------+-------++-------
Melee: Dagger            |    93 |   154 |   109 ||   356
       Rapier            |       |    32 |   125 ||   157
 Cast: Ensorcelled Hiber |    20 |    27 |    51 ||    98
       Corona            |     3 |     2 |     7 ||    12
 Abil: Spit Poison       |    17 |     4 |    12 ||    33
  Use: Scroll            |       |       |     5 ||     5
       Potion            |       |       |     1 ||     1
 Stab: Sleeping          |    16 |    35 |    30 ||    81
       Distracted        |       |     1 |     1 ||     2
Armor: Robe              |    21 |    11 |    37 ||    69
       Leather armour    |       |       |    31 ||    31
Dodge: Dodged            |   108 |   123 |   215 ||   446
Block: Other             |       |       |    54 ||    54
       Reflection        |       |       |     2 ||     2

Table legend: (Time is in decaauts)
 A = Elapsed time spent in this place.
 B = Non-inter-level travel time spent in this place.
 C = Inter-level travel time spent in this place.
 D = Time resting spent in this place.
 E = Time spent auto-exploring this place.
 F = Levels seen in this place.
 G = Mean time per level.
                   A        B        C        D        E       F      G
               +--------+--------+--------+--------+--------+-----+--------+
         Total |  10776 |  10427 |    349 |   2752 |   5573 |   8 | 1347.0 |
       Dungeon |  10420 |  10100 |    320 |   2752 |   5259 |   7 | 1488.6 |
        Temple |    355 |    326 |     29 |      0 |    313 |   1 |  355.0 |
               +--------+--------+--------+--------+--------+-----+--------+

Top non-repeatable levels by time:
     D:3: 1975 daAuts
     D:4: 1780 daAuts
     D:5: 1757 daAuts
     D:1: 1540 daAuts
     D:6: 1508 daAuts
     D:2: 1066 daAuts
     D:7: 791 daAuts
  Temple: 355 daAuts
